[Event "Titled Tuesday Blitz August 1 Early 2023"]
[White "Alamzhi21"]
[Black "Heinemann, Josefine"]
[BlackFideId "12900460"]
[WhiteElo "2713"]
[BlackElo "2533"]
[Result "1-0"]
[Round "4"]
[TimeControl "180+1"]
[Date "2023.08.01"]
[WhiteClock "0:01:10"]
[BlackClock "0:01:06"]
[Board "78"]

1. d4 Nf6 2. Bf4 d5 3. Nf3 c5 4. e3 Nc6 5. Nbd2 Qb6 6. dxc5 Qxb2 7. Rb1 Qc3 8. Bb5 g6 9. O-O Bg7 10. e4 dxe4 11. Be5 Qa5 12. Nxe4 O-O 13. Nxf6+ Bxf6 14. Bxf6 exf6 15. Qd6 Be6 16. Bxc6 bxc6 17. Nd4 Rad8 18. Nxc6 Rxd6 19. Nxa5 Ra6 20. Nb7 Rc6 21. a3 Bc8 22. Rfc1 a6 23. c4 Bxb7 24. Rxb7 Rxc5 25. Rb6 a5 26. Rxf6 Rfc8 27. Rf4 Kg7 28. g3 h5 29. Rd4 R8c7 30. Kf1 Rb7 31. Rc3 Rb2 32. Rd5 Rxd5 33. cxd5 Rd2 34. Rc5 a4 35. Ra5 Rd3 36. Rxa4 Rxd5 37. Ra8 Rd2 38. h4 Ra2 39. a4 Kf6 40. a5 Kf5 41. a6 f6 42. Kg2 Kg4 43. Rg8 Rxa6 44. Rxg6+ Kf5 45. Rh6 Ra2 46. Rxh5+ Kg6 47. Rb5 Rc2 48. g4 Rc3 49. f3 Ra3 50. Kg3 Rc3 51. Rb6 Kg7 52. g5 fxg5 53. hxg5 1-0


[Site "https://www.chess.com"]

[Event "Titled Tuesday Blitz August 1 Early 2023"]
[White "SmirnovAlexandrA"]
[Black "Panesar Vedant"]
[BlackFideId "35033018"]
[WhiteElo "2529"]
[BlackElo "2713"]
[Result "0-1"]
[Round "4"]
[TimeControl "180+1"]
[Date "2023.08.01"]
[WhiteClock "0:00:51"]
[BlackClock "0:00:08"]
[Board "79"]

1. e4 e5 2. d4 exd4 3. Qxd4 Nc6 4. Qe3 Nf6 5. Nc3 Bb4 6. Bd2 O-O 7. O-O-O Re8 8. Qg3 Nxe4 9. Nxe4 Rxe4 10. c3 Bd6 11. f4 Re8 12. Bd3 Qf6 13. Nf3 Bf8 14. h4 d5 15. h5 Bf5 16. Bxf5 Qxf5 17. h6 g6 18. Qf2 Re4 19. Rh4 Ra4 20. g4 Qd3 21. Be3 Qc4 22. b3 Qxc3+ 23. Kb1 Re4 24. Bc1 Rae8 25. Bb2 Qa5 26. Ne5 Qb6 27. Qf1 Nxe5 28. fxe5 Qe6 29. Rh2 c6 30. Rf2 Bxh6 31. Qh3 Qxg4 32. Qd3 Re3 33. Qc2 Qe4 34. Bc1 Qxc2+ 35. Kxc2 Rh3 36. Bb2 Bg7 37. Rdf1 Bxe5 38. Rxf7 Rh2+ 39. R7f2 Rxf2+ 40. Rxf2 Bxb2 41. Kxb2 Kg7 0-1


[Site "https://www.chess.com"]

[Event "Titled Tuesday Blitz August 1 Early 2023"]
[White "Oleksiyenko, Mykhaylo"]
[Black "Ordekalog"]
[WhiteFideId "4152417"]
[WhiteElo "2712"]
[BlackElo "2528"]
[Result "0-1"]
[Round "4"]
[TimeControl "180+1"]
[Date "2023.08.01"]
[WhiteClock "0:00:53"]
[BlackClock "0:02:05"]
[Board "80"]

1. e4 c5 2. Nf3 Nc6 3. d4 cxd4 4. Nxd4 Qb6 5. Nb3 Nf6 6. Nc3 e6 7. Qe2 Bb4 8. Bd2 O-O 9. O-O-O d5 10. e5 Bxc3 11. Bxc3 Ne4 12. Be1 a5 13. f3 Nc5 14. Kb1 Nxb3 15. cxb3 Bd7 16. f4 a4 17. Qf2 Qxf2 18. Bxf2 axb3 19. axb3 Rfc8 20. Be2 Na5 21. Rc1 Nxb3 22. Rxc8+ Rxc8 23. Bd3 Nd2+ 24. Ka2 Ra8+ 25. Ba7 Rxa7+ 26. Ba6 Rxa6# 0-1


[Site "https://www.chess.com"]

[Event "Titled Tuesday Blitz August 1 Early 2023"]
[White "Kim, Yoon-Young"]
[Black "Sreyas Payyappat"]
[WhiteFideId "30908779"]
[BlackFideId "46674969"]
[WhiteElo "2705"]
[BlackElo "2528"]
[Result "1-0"]
[Round "4"]
[TimeControl "180+1"]
[Date "2023.08.01"]
[WhiteClock "0:00:17"]
[BlackClock "0:00:00"]
[Board "81"]

1. d4 Nf6 2. c4 c5 3. Nf3 e6 4. g3 cxd4 5. Nxd4 Nc6 6. Bg2 Qb6 7. Nb3 d5 8. cxd5 exd5 9. O-O Be6 10. Be3 Qc7 11. Nc3 Rd8 12. Bf4 Qb6 13. Rc1 d4 14. Na4 Bxb3 15. axb3 Qb5 16. Qc2 Nd5 17. Qc4 Qxc4 18. bxc4 Nxf4 19. gxf4 Bd6 20. f5 O-O 21. Rcd1 Rfe8 22. Bf3 Na5 23. c5 Bc7 24. b4 Nc4 25. Bxb7 Re5 26. Ba6 Na3 27. Bd3 a5 28. b5 g6 29. Ra1 gxf5 30. Rxa3 f4 31. b6 Bb8 32. c6 Bd6 33. c7 Rde8 34. Rb3 Rg5+ 35. Kh1 Kh8 36. Rg1 Rh5 37. Rg2 f3 38. Rg3 1-0


[Site "https://www.chess.com"]

[Event "Titled Tuesday Blitz August 1 Early 2023"]
[White "Souleidis, Georgios"]
[Black "Brodowski, Piotr"]
[WhiteFideId "4206827"]
[BlackFideId "1124480"]
[WhiteElo "2524"]
[BlackElo "2705"]
[Result "0-1"]
[Round "4"]
[TimeControl "180+1"]
[Date "2023.08.01"]
[WhiteClock "0:00:00"]
[BlackClock "0:00:04"]
[Board "82"]

1. e4 c5 2. Nf3 Nc6 3. Bc4 g6 4. O-O Bg7 5. Re1 d6 6. c3 Nf6 7. Bf1 O-O 8. h3 h6 9. d4 cxd4 10. cxd4 e5 11. d5 Ne7 12. Nc3 Ne8 13. a4 f5 14. a5 Nf6 15. exf5 gxf5 16. a6 Kh7 17. Bc4 Qc7 18. Qb3 bxa6 19. Bxa6 Rb8 20. Qc4 Qb6 21. Be3 Qb4 22. Bxa7 Qxc4 23. Bxc4 Rxb2 24. Reb1 Rc2 25. Rc1 Rxc1+ 26. Rxc1 Bb7 27. Rb1 Bxd5 28. Nxd5 Nexd5 29. Rd1 Ra8 30. Bxd5 Rxa7 31. Be6 Kg6 32. Nh4+ Kg5 33. Nxf5 Bf8 34. h4+ Kf4 35. Nxd6 Bxd6 36. Rxd6 Ra1+ 37. Kh2 Ne4 38. Rd8 Nxf2 39. Rf8+ Ke3 40. Rf3+ Ke2 41. Bc4+ Ke1 42. Re3+ Kd1 43. Kg3 Nh1+ 44. Kg4 Ra4 45. Kh5 Rxc4 46. Rxe5 Rc6 47. Re3 Kd2 48. Rf3 Ke2 0-1


[Site "https://www.chess.com"]

[Event "Titled Tuesday Blitz August 1 Early 2023"]
[White "Martinez Reyes, Pedro Ramon"]
[Black "Ning, Kaiyu"]
[WhiteFideId "3901807"]
[BlackFideId "8614750"]
[WhiteElo "2521"]
[BlackElo "2703"]
[Result "0-1"]
[Round "4"]
[TimeControl "180+1"]
[Date "2023.08.01"]
[WhiteClock "0:00:04"]
[BlackClock "0:00:53"]
[Board "83"]

1. d4 Nf6 2. Nc3 e6 3. e4 d5 4. Bg5 h6 5. Bxf6 Qxf6 6. exd5 Bb4 7. Bb5+ Bd7 8. Bxd7+ Nxd7 9. dxe6 Bxc3+ 10. bxc3 Qxe6+ 11. Qe2 Qxe2+ 12. Nxe2 O-O-O 13. O-O Nb6 14. Rfe1 Rhe8 15. Kf1 Nc4 16. Ng3 g6 17. Re2 h5 18. Rae1 Rxe2 19. Rxe2 Rd5 20. Ne4 b6 21. h4 Ra5 22. Ng5 Rxa2 23. Nxf7 a5 24. Ne5 Nd6 25. f3 a4 26. Nxg6 a3 27. Ne5 Ra1+ 28. Kf2 a2 29. Nd3 Rb1 0-1


[Site "https://www.chess.com"]

[Event "Titled Tuesday Blitz August 1 Early 2023"]
[White "Gontcharov, Vladislav"]
[Black "Gunina, Valentina"]
[WhiteFideId "4123492"]
[BlackFideId "4167570"]
[WhiteElo "2521"]
[BlackElo "2702"]
[Result "1-0"]
[Round "4"]
[TimeControl "180+1"]
[Date "2023.08.01"]
[WhiteClock "0:00:06"]
[BlackClock "0:00:07"]
[Board "84"]

1. d4 d5 2. c4 c6 3. Nf3 Nf6 4. e3 Bf5 5. cxd5 cxd5 6. Nc3 Nc6 7. Qb3 a6 8. Ne5 e6 9. Qxb7 Nxe5 10. dxe5 Nd7 11. Bxa6 Rb8 12. Qc6 Rb6 13. Qa4 Rb4 14. Qd1 Nxe5 15. O-O Bd6 16. Bb5+ Kf8 17. a3 Rh4 18. g3 Bh3 19. Re1 Ng4 20. f4 Rh6 21. Re2 f5 22. b4 Kf7 23. Bb2 Qb6 24. Qe1 Rc8 25. Bd3 d4 26. Nb5 dxe3 27. Bd4 Qc6 28. a4 Bb8 29. a5 e5 30. fxe5 f4 31. Nd6+ Bxd6 32. exd6 f3 33. Bxe3 fxe2 34. Qxe2 Re6 35. b5 Qxd6 36. Bc4 Nxe3 37. Bxe6+ Qxe6 38. a6 Nd5 39. Qxe6+ Kxe6 40. a7 Nb6 41. Ra6 Ra8 42. Rxb6+ Kd5 43. Ra6 Kc5 44. Rc6+ Kxb5 45. Rc7 h6 46. Rxg7 Ka6 47. Kf2 Rxa7 48. Rg6+ Kb5 49. Rxh6 Rf7+ 50. Ke3 Kc5 51. Rxh3 Kd5 52. Rh4 Ke5 53. Re4+ Kd5 54. Rf4 Ra7 55. Kf3 Rh7 56. h4 Ke5 57. Kg4 Rg7+ 58. Kh3 Rg8 59. Rf1 Ke6 60. h5 Rg5 61. Kh4 Ra5 62. g4 Ke7 63. h6 Ra2 64. g5 Rh2+ 65. Kg4 Ke6 66. Rf6+ Ke5 67. Rf1 Ke6 68. Ra1 Ke5 69. Re1+ Kd5 70. Kf5 1-0


[Site "https://www.chess.com"]

[Event "Titled Tuesday Blitz August 1 Early 2023"]
[White "only_strong_moves"]
[Black "Goltseva, Ekaterina"]
[BlackFideId "24173770"]
[WhiteElo "2702"]
[BlackElo "2519"]
[Result "0-1"]
[Round "4"]
[TimeControl "180+1"]
[Date "2023.08.01"]
[WhiteClock "0:00:00"]
[BlackClock "0:00:05"]
[Board "85"]

1. d4 d5 2. c4 dxc4 3. Nf3 a6 4. a4 Nf6 5. e3 Bg4 6. Bxc4 e6 7. O-O c5 8. h3 Bh5 9. Nc3 Nc6 10. d5 Ne5 11. Be2 Bxf3 12. Bxf3 Nxf3+ 13. Qxf3 exd5 14. Rd1 Be7 15. Nxd5 Nxd5 16. Rxd5 Qc7 17. Bd2 O-O 18. Bc3 Rfd8 19. Rad1 Rxd5 20. Rxd5 Rd8 21. Rf5 Bf8 22. g3 Qd7 23. Kg2 b5 24. axb5 axb5 25. e4 b4 26. Be5 Qe6 27. Bf4 f6 28. Rd5 Re8 29. e5 fxe5 30. Rxe5 Qf7 31. Rxe8 Qxe8 32. b3 Qe6 33. Qd3 h6 34. g4 Be7 35. Bg3 Bf6 36. Bd6 Bd4 37. Bf4 Qd5+ 38. f3 Qf7 39. Bg3 Qe6 40. Bf2 Qd5 41. Bg3 Qa8 42. Be1 Qa2+ 43. Kg3 Qa1 0-1


[Site "https://www.chess.com"]

[Event "Titled Tuesday Blitz August 1 Early 2023"]
[White "Schnaider, Ilan"]
[Black "Berezin, Viktor"]
[WhiteFideId "169013"]
[BlackFideId "14107872"]
[WhiteElo "2698"]
[BlackElo "2519"]
[Result "1-0"]
[Round "4"]
[TimeControl "180+1"]
[Date "2023.08.01"]
[WhiteClock "0:00:04"]
[BlackClock "0:00:08"]
[Board "86"]

1. e4 g6 2. d4 Bg7 3. Nc3 d6 4. f4 Nf6 5. Bd3 O-O 6. Nf3 Na6 7. O-O c5 8. d5 Rb8 9. Re1 Bg4 10. a3 Nc7 11. a4 b6 12. h3 Bxf3 13. Qxf3 a6 14. Bd2 b5 15. axb5 axb5 16. Bf1 b4 17. Ne2 e6 18. dxe6 Nxe6 19. Be3 Nd7 20. c3 bxc3 21. bxc3 Rb3 22. Rad1 Qc7 23. f5 Ne5 24. Qg3 Nd8 25. Nf4 Ndc6 26. Nd5 Qb7 27. f6 Bh8 28. Bh6 Ra8 29. Qh4 Rb2 30. Ra1 Rb8 31. Ba6 Qd7 32. Be2 c4 33. Kh1 Nd3 34. Bxd3 cxd3 35. Rad1 d2 36. Rxd2 Rxd2 37. Bxd2 h5 38. Bh6 Rb2 39. Rf1 Kh7 40. Bg7 Ne5 41. Qg5 Bxg7 42. fxg7 Kxg7 43. Qf6+ Kh7 44. Qxe5 Qxh3+ 45. gxh3 dxe5 46. Rxf7+ Kg8 47. Rc7 Kf8 48. Nf6 g5 49. Nxh5 Re2 50. Nf6 Rf2 51. Ng4 Re2 52. Nxe5 Rxe4 53. Nf3 g4 54. hxg4 Rxg4 55. Kh2 Ke8 56. Kh3 Re4 57. Kg3 Kd8 58. Rc5 Kd7 59. Nd4 Kd6 60. Rc8 Kd5 61. Kf3 Rh4 62. Ne2 Rh3+ 63. Ng3 Rh4 64. Rd8+ Kc4 65. Rc8+ Kd3 66. Nf1 Rc4 67. Rd8+ Kxc3 68. Ne3 Rd4 69. Rc8+ Kb4 70. Nc2+ Kb5 71. Nxd4+ 1-0


[Site "https://www.chess.com"]

[Event "Titled Tuesday Blitz August 1 Early 2023"]
[White "Keleberda, Tymur"]
[Black "Sokolovsky, Yahli"]
[WhiteFideId "14174294"]
[BlackFideId "2820242"]
[WhiteElo "2518"]
[BlackElo "2698"]
[Result "1-0"]
[Round "4"]
[TimeControl "180+1"]
[Date "2023.08.01"]
[WhiteClock "0:00:32"]
[BlackClock "0:00:02"]
[Board "87"]

1. e4 d6 2. d4 Nf6 3. Nc3 g6 4. g3 Bg7 5. Bg2 O-O 6. Nge2 e5 7. d5 Ne8 8. f4 f5 9. fxe5 dxe5 10. O-O Nd6 11. Be3 Nd7 12. Qd2 Nf6 13. Bh6 Bxh6 14. Qxh6 fxe4 15. h3 b5 16. a3 Bb7 17. Rad1 a5 18. b4 axb4 19. axb4 Qe7 20. g4 Qg7 21. Qe3 Ra3 22. Qd2 Nc4 23. Qc1 g5 24. Nxb5 Re3 25. Nbc3 h5 26. d6 hxg4 27. d7 Nxd7 28. Rxf8+ Nxf8 29. hxg4 Qh7 30. Rd8 Qe7 31. Qd1 Nd6 32. Rb8 Bc6 33. b5 Bd7 34. Nd5 Qf7 35. Nxe3 Kg7 36. Ng3 Ng6 37. Nh5+ Kh7 38. Nd5 Nf4 39. Ndf6+ Kg6 40. Rg8+ Kh6 41. Rg7 Bxb5 42. Rxf7 Nxf7 43. Bxe4 Ne2+ 44. Kf2 Nd6 45. Qh1 Nf4 46. Ng8# 1-0


[Site "https://www.chess.com"]

[Event "Titled Tuesday Blitz August 1 Early 2023"]
[White "Zeynalli, Rashad"]
[Black "Shubenkova, Veronika"]
[WhiteFideId "13403320"]
[BlackFideId "44124040"]
[WhiteElo "2697"]
[BlackElo "2517"]
[Result "1-0"]
[Round "4"]
[TimeControl "180+1"]
[Date "2023.08.01"]
[WhiteClock "0:00:31"]
[BlackClock "0:00:20"]
[Board "88"]

1. e4 c6 2. d4 d5 3. e5 Bf5 4. Nd2 e6 5. Nb3 Nd7 6. Nf3 a6 7. Be2 h6 8. O-O c5 9. dxc5 Nxc5 10. Be3 Nxb3 11. axb3 Ne7 12. c4 g5 13. Nd4 Bg6 14. f4 gxf4 15. Rxf4 Nc6 16. Nxc6 bxc6 17. Bh5 Rg8 18. Bxg6 Rxg6 19. Qf1 Qc7 20. cxd5 Qxe5 21. Bd4 Qxd5 22. Rd1 Rd8 23. Rxf7 Bc5 24. Bxc5 Qxc5+ 25. Rf2 Rxd1 26. Qxd1 Qd5 27. Qe2 Qxb3 28. Qxa6 Qd1+ 29. Rf1 Qd4+ 30. Kh1 Kd7 31. Qb7+ Kd6 32. Qb8+ Kd5 33. Qd8+ Kc5 34. Rc1+ Qc4 35. b4+ Kxb4 36. Qd2+ Kb5 37. Rxc4 1-0


[Site "https://www.chess.com"]

[Event "Titled Tuesday Blitz August 1 Early 2023"]
[White "Materia, Marco"]
[Black "Ocelak, Jakub"]
[WhiteFideId "45150451"]
[BlackFideId "23707933"]
[WhiteElo "2686"]
[BlackElo "2515"]
[Result "1/2-1/2"]
[Round "4"]
[TimeControl "180+1"]
[Date "2023.08.01"]
[WhiteClock "0:00:25"]
[BlackClock "0:00:07"]
[Board "89"]

1. d4 d5 2. c4 e6 3. Nf3 Nf6 4. Nc3 c5 5. cxd5 exd5 6. g3 Nc6 7. Bg2 cxd4 8. Nxd4 Bc5 9. Nxc6 bxc6 10. O-O O-O 11. Na4 Bb6 12. b3 Ba6 13. Ba3 Re8 14. Re1 Ba5 15. b4 Bb6 16. Rc1 Qe7 17. e3 Rec8 18. Qb3 Bc4 19. Qb1 Bc7 20. Rc3 Be5 21. b5 Qe8 22. Rxc4 dxc4 23. bxc6 Rxc6 24. Bxc6 Qxc6 25. Qc2 Rc8 26. Rc1 Ne4 27. f4 Bf6 28. Bb2 Bxb2 29. Nxb2 c3 30. Nd1 f5 31. Nf2 Nd2 32. h3 Qf3 33. Qxf5 Qxg3+ 34. Kh1 Rf8 35. Qd5+ Kh8 36. Qg2 Qxe3 37. Nd1 Qe1+ 38. Kh2 Nf1+ 39. Kh1 Ng3+ 40. Kh2 Nf1+ 41. Kh1 Ne3+ 42. Qg1 Qxg1+ 43. Kxg1 Nxd1 44. Rxd1 c2 45. Rc1 Rc8 46. Kf2 Kg8 47. Ke3 Kf7 48. a4 Kf6 49. a5 Kf5 50. a6 Rc6 51. Kd3 Rxa6 52. Rxc2 Ra3+ 53. Kd4 Kxf4 54. Rc7 Rxh3 55. Rf7+ Kg5 56. Rxg7+ Kf6 57. Rxa7 h5 58. Ke4 Kg5 59. Rg7+ Kh4 60. Rg1 Rh2 61. Kf3 Ra2 62. Rh1+ Kg5 63. Kg3 Ra3+ 64. Kh2 h4 65. Rb1 Kg4 66. Rb4+ Kh5 67. Rb5+ Kg6 68. Rb6+ Kg5 69. Rb5+ Kg6 70. Rb6+ Kg5 71. Rb5+ Kg4 72. Rb4+ Kg5 73. Rb5+ 1/2-1/2


[Site "https://www.chess.com"]

[Event "Titled Tuesday Blitz August 1 Early 2023"]
[White "Kleiman, Jake"]
[Black "Voege, Tobias"]
[WhiteFideId "2020041"]
[BlackFideId "1270513"]
[WhiteElo "2502"]
[BlackElo "2678"]
[Result "1-0"]
[Round "4"]
[TimeControl "180+1"]
[Date "2023.08.01"]
[WhiteClock "0:00:18"]
[BlackClock "0:00:14"]
[Board "90"]

1. e4 e6 2. d3 b6 3. Nf3 Bb7 4. g3 d5 5. Qe2 dxe4 6. dxe4 Nf6 7. Nbd2 Be7 8. Bg2 O-O 9. O-O c5 10. e5 Nd5 11. Ne4 Nb4 12. Rd1 Qc7 13. a3 Ba6 14. c4 N4c6 15. Bf4 Nd7 16. Nf6+ Bxf6 17. exf6 e5 18. fxg7 Rfe8 19. Bh6 Bb7 20. Nh4 Nd4 21. Qh5 Bxg2 22. Kxg2 Nf6 23. Qg5 Qc6+ 24. Kg1 Rad8 25. h3 Ne4 26. Qh5 Qf6 27. Rf1 Rd6 28. Be3 Nc2 29. Rae1 Nxe3 30. Rxe3 Nd2 31. Rfe1 Nxc4 32. Rf3 Qh6 33. Qxf7# 1-0


[Site "https://www.chess.com"]

[Event "Titled Tuesday Blitz August 1 Early 2023"]
[White "Boraso, Alessio"]
[Black "Rosen, Eric"]
[WhiteFideId "848077"]
[BlackFideId "2032562"]
[WhiteElo "2493"]
[BlackElo "2677"]
[Result "0-1"]
[Round "4"]
[TimeControl "180+1"]
[Date "2023.08.01"]
[WhiteClock "0:00:04"]
[BlackClock "0:00:10"]
[Board "91"]

1. e4 c5 2. Nf3 Nc6 3. c3 d5 4. exd5 Qxd5 5. d4 e6 6. Na3 Nf6 7. Be2 cxd4 8. Nb5 Qd8 9. Nbxd4 Bd7 10. O-O Be7 11. Re1 O-O 12. Bf4 Nd5 13. Bg3 Bf6 14. Nxc6 Bxc6 15. Ne5 Bxe5 16. Bxe5 Qg5 17. Bg3 Nf4 18. Bf3 Rfd8 19. Bxf4 Qxf4 20. Qe2 Bxf3 21. Qxf3 Qxf3 22. gxf3 Rd2 23. Rab1 Rad8 24. Kf1 Rc2 25. Re2 Rdd2 26. Rxd2 Rxd2 27. Ke1 Rc2 28. a4 Kf8 29. a5 Ke7 30. a6 b6 31. h4 h5 32. Kf1 f6 33. Kg2 Kd7 34. Rg1 Ke7 35. Rb1 e5 36. Kg3 Kd6 37. f4 e4 38. f5 Ke5 39. Rd1 Rxb2 40. Rd7 Rb3 41. Rxa7 Rxc3+ 42. Kg2 Kxf5 43. Rxg7 Ra3 44. a7 Kf4 45. Rb7 f5 46. Rxb6 Rxa7 47. Rh6 Kg4 48. Rg6+ Kxh4 49. Rf6 Kg5 50. Rf8 Rg7 51. Kf1 Kf4 52. Ra8 Rh7 53. Kg2 h4 54. Ra3 Rg7+ 55. Kh2 Rd7 56. Rh3 Kg4 57. Rb3 Rd2 58. Kg2 h3+ 59. Kf1 Rd1+ 60. Ke2 Ra1 61. Rg3+ Kh4 62. Rg8 Ra3 63. Kf1 f4 64. Rh8+ Kg4 65. Rg8+ Kf3 66. Rh8 Ra1# 0-1


[Site "https://www.chess.com"]

[Event "Titled Tuesday Blitz August 1 Early 2023"]
[White "Skliarov, Viktor"]
[Black "Rama, Tejas"]
[WhiteFideId "14106736"]
[BlackFideId "30907381"]
[WhiteElo "2669"]
[BlackElo "2484"]
[Result "1-0"]
[Round "4"]
[TimeControl "180+1"]
[Date "2023.08.01"]
[WhiteClock "0:00:22"]
[BlackClock "0:00:03"]
[Board "92"]

1. e4 e5 2. Nc3 Nf6 3. Bc4 Nc6 4. d3 Na5 5. Nge2 c6 6. Ng3 Bb4 7. Bd2 O-O 8. a3 Nxc4 9. axb4 Nxd2 10. Qxd2 d5 11. O-O dxe4 12. Ngxe4 Bf5 13. Nxf6+ Qxf6 14. Qe3 a6 15. Na4 Qd6 16. Qc5 Rad8 17. Rfe1 f6 18. f4 Qd4+ 19. Qxd4 Rxd4 20. fxe5 Rxb4 21. exf6 Rxf6 22. c3 Rb5 23. d4 Bc2 24. b4 Bxa4 25. Rxa4 Kf7 26. Ra2 Re6 27. Rae2 Rxe2 28. Rxe2 a5 29. bxa5 Rxa5 30. Kf2 Ra3 31. Re3 Kf6 32. Kf3 b5 33. h4 Ra8 34. g4 h6 35. Kf4 g5+ 36. hxg5+ hxg5+ 37. Ke4 Ra1 38. Rf3+ Ke6 39. Rf5 Rc1 40. Kd3 Rd1+ 41. Kc2 Rg1 42. Rxg5 Kf6 43. Rc5 Ke7 44. Rxc6 Rxg4 45. Kb3 Kd7 46. Rc5 1-0


[Site "https://www.chess.com"]

[Event "Titled Tuesday Blitz August 1 Early 2023"]
[White "Do Valle Cardoso, Lucas"]
[Black "Mmukka"]
[WhiteFideId "2163144"]
[WhiteElo "2667"]
[BlackElo "2470"]
[Result "1-0"]
[Round "4"]
[TimeControl "180+1"]
[Date "2023.08.01"]
[WhiteClock "0:00:32"]
[BlackClock "0:00:09"]
[Board "93"]

1. e4 c5 2. Nf3 e6 3. Nc3 a6 4. d4 cxd4 5. Nxd4 Qc7 6. Be3 Bb4 7. Qd2 Nf6 8. f3 d5 9. Nde2 dxe4 10. a3 Bxc3 11. Nxc3 exf3 12. gxf3 Nc6 13. Rg1 b5 14. O-O-O Bb7 15. Bxb5 Rd8 16. Qxd8+ Qxd8 17. Rxd8+ Kxd8 18. Bxc6 Bxc6 19. Rxg7 Ke7 20. f4 Rd8 21. b4 Kf8 22. Rg5 h6 23. Rc5 Bb7 24. f5 Ng4 25. fxe6 Nxe3 26. Rc7 fxe6 27. Rxb7 Rc8 28. Kb2 Nc4+ 29. Ka2 Nxa3 30. Kxa3 Rxc3+ 31. Kb2 Rh3 32. c4 Rxh2+ 33. Kb3 h5 34. c5 Ke8 35. Rb6 Kd7 36. Rd6+ Kc7 37. Rxa6 h4 38. Rxe6 h3 39. Rh6 Rh1 40. Kc4 h2 41. Rh7+ Kc8 42. Kb5 Kb8 43. Kb6 Kc8 44. b5 Rf1 45. Rxh2 Rf6+ 46. c6 Rf8 47. Ra2 Kb8 48. c7+ Kc8 49. Ra8+ Kd7 50. Rxf8 1-0


[Site "https://www.chess.com"]

[Event "Titled Tuesday Blitz August 1 Early 2023"]
[White "favesaul"]
[Black "Poormosavi, Seyed Kian"]
[BlackFideId "12585807"]
[WhiteElo "2468"]
[BlackElo "2664"]
[Result "0-1"]
[Round "4"]
[TimeControl "180+1"]
[Date "2023.08.01"]
[WhiteClock "0:00:19"]
[BlackClock "0:01:02"]
[Board "94"]

1. e4 c6 2. d4 d5 3. e5 c5 4. dxc5 e6 5. a3 Bxc5 6. b4 Be7 7. Qg4 Kf8 8. Bb2 f6 9. Qf4 Nc6 10. Nf3 Nh6 11. b5 Na5 12. Nbd2 Nf7 13. Bd3 f5 14. h4 g6 15. O-O b6 16. Rfd1 h6 17. c4 Bb7 18. cxd5 Bxd5 19. Nd4 Rc8 20. Rac1 Rxc1 21. Rxc1 Bxh4 22. Nc4 Bg5 23. Qg3 Bxc1 24. Qxg6 Bxb2 25. Nd6 Nxd6 26. Nxe6+ Bxe6 27. Qxe6 Nf7 28. Bxf5 Bxe5 29. g3 Rg8 30. Bg6 Rxg6 31. Qxg6 Nb3 32. Qf5 Nd4 33. Qe4 Ne6 34. f4 Qd4+ 35. Qxd4 Bxd4+ 36. Kg2 0-1


[Site "https://www.chess.com"]

[Event "Titled Tuesday Blitz August 1 Early 2023"]
[White "chessmateto"]
[Black "Itgelt, Khuyagtsogt"]
[BlackFideId "4902912"]
[WhiteElo "2466"]
[BlackElo "2663"]
[Result "1-0"]
[Round "4"]
[TimeControl "180+1"]
[Date "2023.08.01"]
[WhiteClock "0:00:46"]
[BlackClock "0:00:02"]
[Board "95"]

1. c4 Nf6 2. Nc3 d5 3. cxd5 Nxd5 4. Nf3 g6 5. g3 Bg7 6. Bg2 O-O 7. O-O Nb6 8. d4 Nc6 9. e3 Re8 10. b3 e5 11. dxe5 Bg4 12. Bb2 Bxf3 13. Bxf3 Nxe5 14. Bxb7 Nd3 15. Bxa8 Nxb2 16. Qc2 Qxa8 17. Qxb2 Nd5 18. Rac1 h5 19. Qd2 Nxc3 20. Rxc3 Bxc3 21. Qxc3 h4 22. Rc1 h3 23. Qc6 Qxc6 24. Rxc6 Rd8 25. Kf1 Rd1+ 26. Ke2 Rh1 27. Rxc7 Rxh2 28. Rc1 g5 29. a4 a5 30. b4 axb4 31. a5 Rg2 32. a6 h2 33. a7 Rg1 34. a8=Q+ 1-0


[Site "https://www.chess.com"]

[Event "Titled Tuesday Blitz August 1 Early 2023"]
[White "benny_aizenberg"]
[Black "Kashtanov, Ruslan"]
[BlackFideId "4124871"]
[WhiteElo "2661"]
[BlackElo "2459"]
[Result "0-1"]
[Round "4"]
[TimeControl "180+1"]
[Date "2023.08.01"]
[WhiteClock "0:00:00"]
[BlackClock "0:00:08"]
[Board "96"]

1. c4 Nf6 2. Nc3 e5 3. Nf3 e4 4. Ng5 c6 5. Ngxe4 Nxe4 6. Nxe4 d5 7. cxd5 cxd5 8. Ng3 h5 9. e3 h4 10. Ne2 Nc6 11. d4 Bd6 12. Nc3 Qf6 13. Nxd5 Qg6 14. Qb3 O-O 15. Bd2 Be6 16. O-O-O Rac8 17. Bc3 Qe4 18. Bc4 Na5 19. Qc2 Qxc2+ 20. Kxc2 Nxc4 21. Nf4 Bxf4 22. exf4 Bd5 23. Rhg1 Rfe8 24. Kd3 Be4+ 25. Ke2 Bxg2+ 26. Kd3 Be4+ 27. Ke2 Bc2+ 28. Kf3 Bxd1+ 29. Rxd1 f5 30. d5 Nd6 31. Rg1 Rc7 32. Be5 Rd7 33. Rc1 Nf7 34. Bc3 Rxd5 35. Rg1 Rd3+ 36. Kg2 h3+ 37. Kh1 Rxc3 38. bxc3 Nd6 39. Rd1 Ne4 40. Kg1 Nxc3 41. Ra1 Re2 42. f3 Rg2+ 43. Kh1 Ne2 44. a4 Nd4 45. Rf1 Rd2 46. Kg1 Ne2+ 47. Kh1 Nxf4 48. a5 b6 49. axb6 axb6 50. Rg1 b5 51. Rb1 b4 52. Kg1 Nd3 53. f4 Rg2+ 54. Kf1 Rxh2 55. Rb3 Rf2+ 56. Kg1 Rg2+ 57. Kf1 Rd2 58. Kg1 h2+ 59. Kh1 Nf2+ 60. Kxh2 Ne4+ 61. Kg1 Rd4 62. Kg2 Kf7 63. Rb1 Ke6 64. Rg1 Rd2+ 65. Kf3 Rd7 66. Ke3 Rb7 67. Rg6+ Kf7 68. Rg1 b3 69. Rb1 b2 70. Kd4 Nd2 71. Rd1 b1=Q 72. Rxd2 Qg1+ 0-1


[Site "https://www.chess.com"]

[Event "Titled Tuesday Blitz August 1 Early 2023"]
[White "Tan, Jun Ying"]
[Black "Rozhkov, Viacheslav"]
[WhiteFideId "5710413"]
[BlackFideId "4181484"]
[WhiteElo "2661"]
[BlackElo "2446"]
[Result "1-0"]
[Round "4"]
[TimeControl "180+1"]
[Date "2023.08.01"]
[WhiteClock "0:01:32"]
[BlackClock "0:02:05"]
[Board "97"]

1. d4 d5 2. c4 dxc4 3. Nf3 c6 4. e3 b5 5. a4 e6 6. b3 Bb4+ 7. Bd2 Bxd2+ 8. Nfxd2 cxb3 9. axb5 b2 10. Ra2 Ne7 11. Rxb2 O-O 12. Bd3 c5 13. Qf3 Qb6 14. Qxa8 Bb7 15. dxc5 Qxc5 16. Qxb7 Qc1+ 17. Ke2 Qxh1 18. Qxe7 Qxg2 19. Bxh7+ Kxh7 20. Qxf8 Qg5 1-0


[Site "https://www.chess.com"]

[Event "Titled Tuesday Blitz August 1 Early 2023"]
[White "Kwon, Sehyun"]
[Black "GAO"]
[WhiteFideId "13203088"]
[WhiteElo "2656"]
[BlackElo "2445"]
[Result "1-0"]
[Round "4"]
[TimeControl "180+1"]
[Date "2023.08.01"]
[WhiteClock "0:00:42"]
[BlackClock "0:01:21"]
[Board "98"]

1. Nf3 Nf6 2. b3 g6 3. Bb2 Bg7 4. e3 O-O 5. d4 d6 6. Be2 Nc6 7. O-O e5 8. dxe5 Ng4 9. c4 Re8 10. Qd2 Ngxe5 11. Nc3 Bf5 12. Rad1 a6 13. Nd5 Nxf3+ 14. Bxf3 Bxb2 15. Qxb2 Ne5 16. Be2 Be6 17. f4 Nd7 18. Nc3 Qf6 19. e4 Nc5 20. Qd2 Bd7 21. Nd5 Qd8 22. e5 dxe5 23. fxe5 Rxe5 24. Nf6+ Kg7 25. Nxd7 Nxd7 26. Qxd7 Qxd7 27. Rxd7 Rxe2 28. Rfxf7+ Kh6 29. h4 Kh5 30. Rxh7+ Kg4 31. Rd4+ Kg3 32. Rd3+ Kg4 33. Kh2 Rf8 34. Rg3+ Kf5 35. Rf3+ Kg4 36. Rxf8 Rxa2 37. Rh6 1-0


[Site "https://www.chess.com"]

[Event "Titled Tuesday Blitz August 1 Early 2023"]
[White "Arias, Juan Cruz"]
[Black "Urbina Perez, Juan Antonio"]
[WhiteFideId "118540"]
[BlackFideId "2217368"]
[WhiteElo "2655"]
[BlackElo "2444"]
[Result "0-1"]
[Round "4"]
[TimeControl "180+1"]
[Date "2023.08.01"]
[WhiteClock "0:02:25"]
[BlackClock "0:02:09"]
[Board "99"]

1. d4 d5 2. Nf3 Nf6 3. e3 c6 4. Bd3 Bg4 5. Nbd2 Nbd7 6. O-O e5 7. dxe5 Nxe5 8. Be2 Nxf3+ 9. Nxf3 Bd6 10. b3 O-O 11. Bb2 Qe7 12. c4 dxc4 13. Bxc4 Bxf3 14. gxf3 Be5 15. Qc2 Rad8 16. f4 Bxb2 17. Qxb2 Ne4 18. Rad1 Qh4 19. Qe2 Nc3 20. Rxd8 Nxe2+ 0-1


[Site "https://www.chess.com"]